PAAA
SALT LAKE CITY BUZZ @ PLYMOUTH ROCKS
07/04/2029
 
TOP OF THE 1ST
Salt Lake City Buzz batting - Pitching for Plymouth Rocks : LHP Luis Arreola
Pitching: LHP Luis Arreola
Batting: RHB Alejandro Herrera 0-0: Foul Ball, location: 2F
0-1: Ground out 5-3 (Groundball, 5)
Batting: LHB Mike Gillespie 0-0: Swinging Strike
0-1: Swinging Strike
0-2: Ball
1-2: Ball
2-2: Strikes out swinging
Batting: RHB Vicente Cruz 0-0: Ball
1-0: Ball
2-0: Ball
3-0: Called Strike
3-1: SINGLE (Line Drive, 4MD)
Batting: SHB Félix Medina 0-0: Called Strike
Vicente Cruz steals 2nd base
0-1: Ball
1-1: Foul Ball, location: 2F
1-2: SINGLE (Groundball, 6) (infield hit)
Vicente Cruz to third
Batting: LHB Tim Waters 0-0: Ball
1-0: Ball
2-0: Hit by Pitch
Félix Medina to second
Batting: RHB Justin MacPherson 0-0: Foul Ball, location: 2F
0-1: Ball
1-1: Ball
2-1: Ball
3-1: Called Strike
3-2: Fly out, F7 (Flyball, 7D)
Top of the 1st over - 0 runs, 2 hits, 0 errors, 3 left on base; Salt Lake City 0 - Plymouth 0
BOTTOM OF THE 1ST
Plymouth Rocks batting - Pitching for Salt Lake City Buzz : RHP Caleb Sobieski
Pitching: RHP Caleb Sobieski
Batting: LHB José Castillo 0-0: Ground out 6-3 (Groundball, 6M)
Batting: SHB Javier Vega 0-0: Swinging Strike
0-1: Fly out, F9 (Flyball, 9LSF)
Batting: RHB Ernesto Trevino 0-0: Ball
1-0: Foul Ball, location: 2F
1-1: Ball
2-1: Foul Ball, location: 2F
2-2: Ball
3-2: SINGLE (Flyball, 89S)
Batting: LHB Bernardo Elías 0-0: Ball
1-0: Foul Ball, location: 2F
1-1: Ball
2-1: Foul Ball, location: 2F
2-2: Ball
3-2: Base on Balls
Ernesto Trevino to second
Batting: RHB Chris Teague 0-0: Ball
1-0: Fly out, F3 (Popup, 23F)
Bottom of the 1st over - 0 runs, 1 hit, 0 errors, 2 left on base; Salt Lake City 0 - Plymouth 0
TOP OF THE 2ND
Salt Lake City Buzz batting - Pitching for Plymouth Rocks : LHP Luis Arreola
Batting: LHB Yannick Hendriksen 0-0: Foul Ball, location: 2F
0-1: Ball
1-1: Fly out, F8 (Flyball, 78S)
Batting: LHB Randy Schlosser 0-0: Called Strike
0-1: Fly out, F8 (Flyball, 8RD)
Batting: RHB Erwin Chapman 0-0: Ball
1-0: Fly out, F8 (Flyball, 8RS)
Top of the 2nd over - 0 runs, 0 hits, 0 errors, 0 left on base; Salt Lake City 0 - Plymouth 0
BOTTOM OF THE 2ND
Plymouth Rocks batting - Pitching for Salt Lake City Buzz : RHP Caleb Sobieski
Batting: RHB Arturo Maldonado 0-0: Ball
1-0: Ground out 6-3 (Groundball, 6)
Batting: SHB Arnold Griffith 0-0: Called Strike
0-1: Ball
1-1: SINGLE (Groundball, 4MD)
Batting: RHB Andrew Weeks 0-0: Called Strike
0-1: Ball
1-1: Called Strike
1-2: Ball
2-2: Ball
3-2: Base on Balls
Arnold Griffith to second
Batting: RHB Hubert Dodson 0-0: Ball
1-0: Called Strike
1-1: Ball
2-1: Ball
3-1: Base on Balls
Arnold Griffith to third
Andrew Weeks to second
Batting: LHB José Castillo 0-0: Ball
1-0: SINGLE (Line Drive, 78M)
Arnold Griffith scores
Andrew Weeks to third
Hubert Dodson to second
Runner from 3rd tries for Home, throw and OUT!
Batting: SHB Javier Vega 0-0: DOUBLE (Flyball, 8LXD)
Hubert Dodson scores
José Castillo to third
Batting: RHB Ernesto Trevino 0-0: Called Strike
0-1: Foul Ball, location: 2F
0-2: Ball
1-2: Ball
2-2: Ground out 5-3 (Groundball, 56)
Bottom of the 2nd over - 2 runs, 3 hits, 0 errors, 2 left on base; Salt Lake City 0 - Plymouth 2
TOP OF THE 3RD
Salt Lake City Buzz batting - Pitching for Plymouth Rocks : LHP Luis Arreola
Batting: RHB Alejandro Herrera 0-0: Fly out, F4 (Line Drive, 4)
Batting: LHB Mike Gillespie 0-0: Called Strike
0-1: Fly out, F9 (Flyball, 9S)
Batting: RHB Vicente Cruz 0-0: Ground out U3 (Groundball, 3)
Top of the 3rd over - 0 runs, 0 hits, 0 errors, 0 left on base; Salt Lake City 0 - Plymouth 2
BOTTOM OF THE 3RD
Plymouth Rocks batting - Pitching for Salt Lake City Buzz : RHP Caleb Sobieski
Batting: LHB Bernardo Elías 0-0: SOLO HOME RUN (Flyball, 9LD), Distance : 366 ft
Batting: RHB Chris Teague 0-0: Ball
1-0: Ball
2-0: Ball
3-0: Called Strike
3-1: Foul Ball, location: 2F
3-2: Fly out, F4 (Flyball, 34D)
Batting: RHB Arturo Maldonado 0-0: Called Strike
0-1: Foul Ball, location: 2F
0-2: Ball
1-2: Fly out, F8 (Flyball, 8RM)
Batting: SHB Arnold Griffith 0-0: Called Strike
0-1: Ball
1-1: Foul Ball, location: 2F
1-2: Ball
2-2: Foul Ball, location: 2F
2-2: Strikes out swinging
Bottom of the 3rd over - 1 run, 1 hit, 0 errors, 0 left on base; Salt Lake City 0 - Plymouth 3
TOP OF THE 4TH
Salt Lake City Buzz batting - Pitching for Plymouth Rocks : LHP Luis Arreola
Batting: SHB Félix Medina 0-0: Called Strike
0-1: Called Strike
0-2: Ball
1-2: Strikes out swinging
Batting: LHB Tim Waters 0-0: Called Strike
0-1: Ball
1-1: SINGLE (Flyball, 78S)
Batting: RHB Justin MacPherson 0-0: Ball
1-0: Ball
2-0: Called Strike
2-1: Fly out, F7 (Line Drive, 7D)
Batting: LHB Yannick Hendriksen 0-0: Called Strike
0-1: Ball
Balk!
Tim Waters to second
1-1: Foul Ball, location: 2F
1-2: Strikes out looking
Top of the 4th over - 0 runs, 1 hit, 0 errors, 1 left on base; Salt Lake City 0 - Plymouth 3
BOTTOM OF THE 4TH
Plymouth Rocks batting - Pitching for Salt Lake City Buzz : RHP Caleb Sobieski
Batting: RHB Andrew Weeks 0-0: Ball
1-0: Called Strike
1-1: Ball
2-1: Swinging Strike
2-2: Strikes out swinging
Batting: RHB Hubert Dodson 0-0: Ball
1-0: Ball
2-0: Ground out 6-3 (Groundball, 6)
Batting: LHB José Castillo 0-0: Called Strike
0-1: Ball
1-1: Foul Ball, location: 2F
1-2: Foul Ball, location: 2F
1-2: Foul Ball, location: 2F
1-2: Ground out U3 (Groundball, 3)
Bottom of the 4th over - 0 runs, 0 hits, 0 errors, 0 left on base; Salt Lake City 0 - Plymouth 3
TOP OF THE 5TH
Salt Lake City Buzz batting - Pitching for Plymouth Rocks : LHP Luis Arreola
Batting: LHB Randy Schlosser 0-0: Swinging Strike
0-1: Ball
1-1: Fly out, F9 (Flyball, 9LD)
Batting: RHB Erwin Chapman 0-0: Fly out, F7 (Line Drive, 7)
Batting: RHB Alejandro Herrera 0-0: Ball
1-0: Ball
2-0: Called Strike
2-1: Ground out 5-3 (Groundball, 56)
Top of the 5th over - 0 runs, 0 hits, 0 errors, 0 left on base; Salt Lake City 0 - Plymouth 3
BOTTOM OF THE 5TH
Plymouth Rocks batting - Pitching for Salt Lake City Buzz : RHP Caleb Sobieski
Batting: SHB Javier Vega 0-0: Fly out, F9 (Line Drive, 9)
Batting: RHB Ernesto Trevino 0-0: DOUBLE (Line Drive, 78XD)
Pinch Runner at 2nd Roku Hara:
Batting: LHB Bernardo Elías 0-0: Ball
1-0: Ball
2-0: Called Strike
2-1: Ball
3-1: Base on Balls
Batting: RHB Chris Teague 0-0: Hit by Pitch
Roku Hara to third
Bernardo Elías to second
Batting: RHB Arturo Maldonado 0-0: Foul Ball, location: 2F
0-1: Ball
1-1: Grounds into fielders choice 4-2 (Groundball, 4)
Bernardo Elías to third
Chris Teague to second
Batting: SHB Arnold Griffith 0-0: Fly out, F9 (Flyball, 89S)
Bottom of the 5th over - 0 runs, 1 hit, 0 errors, 3 left on base; Salt Lake City 0 - Plymouth 3
TOP OF THE 6TH
Salt Lake City Buzz batting - Pitching for Plymouth Rocks : LHP Luis Arreola
Now in CF: Roku Hara
Batting: LHB Mike Gillespie 0-0: Fly out, F8 (Flyball, 8LD)
Batting: RHB Vicente Cruz 0-0: Ball
1-0: Swinging Strike
1-1: Swinging Strike
1-2: Ball
2-2: Foul Ball, location: 2F
2-2: Foul Ball, location: 2F
2-2: Strikes out swinging
Batting: SHB Félix Medina 0-0: Ball
1-0: Called Strike
1-1: Called Strike
1-2: Strikes out swinging
Top of the 6th over - 0 runs, 0 hits, 0 errors, 0 left on base; Salt Lake City 0 - Plymouth 3
BOTTOM OF THE 6TH
Plymouth Rocks batting - Pitching for Salt Lake City Buzz : RHP Caleb Sobieski
Batting: RHB Andrew Weeks 0-0: Called Strike
0-1: Foul Ball, location: 2F
0-2: Foul Ball, location: 2F
0-2: Ball
1-2: Ball
2-2: Ball
3-2: Ground out 5-3 (Groundball, 56S)
Batting: RHB Hubert Dodson 0-0: Swinging Strike
0-1: Fly out, F9 (Flyball, 9S)
Batting: LHB José Castillo 0-0: Foul Ball, location: 2F
0-1: Foul Ball, location: 2F
0-2: Ball
1-2: Foul Ball, location: 2F
1-2: Reached on error, E3 (Groundball, 34S)
Batting: SHB Javier Vega 0-0: Ball
1-0: DOUBLE (Line Drive, 9LM)
José Castillo scores
Pitching: RHP Rick Kennedy
Batting: SHB Roku Hara 0-0: Called Strike
0-1: Ball
1-1: Ball
2-1: Ball
3-1: Base on Balls
Batting: LHB Bernardo Elías 0-0: Ball
1-0: Fly out, F7 (Flyball, 78D)
Bottom of the 6th over - 1 run, 1 hit, 1 error, 2 left on base; Salt Lake City 0 - Plymouth 4
TOP OF THE 7TH
Salt Lake City Buzz batting - Pitching for Plymouth Rocks : LHP Luis Arreola
Batting: LHB Tim Waters 0-0: Ball
1-0: Ball
2-0: SOLO HOME RUN (Flyball, 9LD), Distance : 348 ft
Batting: RHB Justin MacPherson 0-0: Ground out 5-3 (Groundball, 56)
Batting: LHB Yannick Hendriksen 0-0: Ball
1-0: Foul Ball, location: 2F
1-1: Called Strike
1-2: SOLO HOME RUN (Flyball, 9D), Distance : 400 ft
Batting: LHB Randy Schlosser 0-0: Ball
1-0: Called Strike
1-1: Foul Ball, location: 2F
1-2: Strikes out swinging
Batting: RHB Erwin Chapman 0-0: Called Strike
0-1: Called Strike
0-2: Foul Ball, location: 2F
0-2: Foul Ball, location: 2F
0-2: Foul Ball, location: 2F
0-2: Ground out 6-3 (Groundball, 6)
Top of the 7th over - 2 runs, 2 hits, 0 errors, 0 left on base; Salt Lake City 2 - Plymouth 4
BOTTOM OF THE 7TH
Plymouth Rocks batting - Pitching for Salt Lake City Buzz : RHP Rick Kennedy
Batting: RHB Chris Teague 0-0: Foul Ball, location: 2F
0-1: Fly out, F6 (Popup, 4M)
Batting: RHB Arturo Maldonado 0-0: Called Strike
0-1: Swinging Strike
0-2: Ground out 2-3 (Groundball, 2R)
Batting: SHB Arnold Griffith 0-0: Ball
1-0: Ball
2-0: Called Strike
2-1: Swinging Strike
2-2: Foul Ball, location: 2F
2-2: Foul Ball, location: 2F
2-2: Ball
3-2: Base on Balls
Batting: RHB Andrew Weeks 0-0: Ball
1-0: Fly out, F8 (Flyball, 8RXD)
Bottom of the 7th over - 0 runs, 0 hits, 0 errors, 1 left on base; Salt Lake City 2 - Plymouth 4
TOP OF THE 8TH
Salt Lake City Buzz batting - Pitching for Plymouth Rocks : LHP Luis Arreola
Batting: RHB Alejandro Herrera 0-0: Ball
1-0: Foul Ball, location: 2F
1-1: Ball
2-1: Foul Ball, location: 2F
2-2: Foul Ball, location: 2F
2-2: Strikes out swinging, 2-3 out at first.
Batting: LHB Mike Gillespie 0-0: Ball
1-0: Foul Ball, location: 2F
1-1: Fly out, F8 (Flyball, 8LM)
Batting: RHB Vicente Cruz 0-0: Called Strike
0-1: Ball
1-1: Called Strike
1-2: SOLO HOME RUN (Flyball, 7D), Distance : 415 ft
Batting: SHB Félix Medina 0-0: Ball
1-0: Foul Ball, location: 2F
1-1: Ball
2-1: SINGLE (Line Drive, 8RD)
Batting: LHB Tim Waters 0-0: Called Strike
0-1: Called Strike
0-2: Ball
1-2: Strikes out looking
Top of the 8th over - 1 run, 2 hits, 0 errors, 1 left on base; Salt Lake City 3 - Plymouth 4
BOTTOM OF THE 8TH
Plymouth Rocks batting - Pitching for Salt Lake City Buzz : RHP Rick Kennedy
Batting: RHB Hubert Dodson 0-0: Swinging Strike
0-1: Called Strike
0-2: Ball
1-2: Ball
2-2: Fly out, F4 (Line Drive, 4)
Batting: LHB José Castillo 0-0: Ball
1-0: Called Strike
1-1: Ball
2-1: Foul Ball, location: 2F
2-2: Strikes out looking
Batting: SHB Javier Vega 0-0: Ground out 4-3 (Groundball, 4)
Bottom of the 8th over - 0 runs, 0 hits, 0 errors, 0 left on base; Salt Lake City 3 - Plymouth 4
TOP OF THE 9TH
Salt Lake City Buzz batting - Pitching for Plymouth Rocks : LHP Luis Arreola
Now at C: John Townsend
Batting: RHB Justin MacPherson 0-0: Ball
1-0: Foul Ball, location: 2F
1-1: SINGLE (Line Drive, 34D)
Batting: LHB Yannick Hendriksen 0-0: Called Strike
0-1: Sac Bunt - play at first, batter OUT! U3
Justin MacPherson to second
Pinch Hitting: SHB Pablo Coloa 0-0: Ball
1-0: Ball
2-0: Called Strike
2-1: Foul Ball, location: 2F
2-2: SINGLE (Line Drive, 78S)
Justin MacPherson to third
Pitching: LHP Roberto Aguirre
Batting: RHB Erwin Chapman 0-0: Called Strike
0-1: Ball
1-1: DOUBLE (Line Drive, 9LM)
Justin MacPherson scores
Pablo Coloa to third
Batting: RHB Alejandro Herrera 0-0: Called Strike
0-1: Ball
1-1: Ball
2-1: SINGLE (Groundball, 34D)
Pablo Coloa scores
Erwin Chapman to third
Pinch Hitting: RHB Jung-hwan Kwon 0-0: Called Strike
Alejandro Herrera steals 2nd base
0-1: Foul Ball, location: 2F
0-2: Foul Ball, location: 2F
0-2: Ground out 6-3 (Groundball, 6)
Batting: RHB Vicente Cruz 0-0: Ball
1-0: DOUBLE (Line Drive, 7LM)
Erwin Chapman scores
Alejandro Herrera scores
Batting: SHB Félix Medina 0-0: Swinging Strike
0-1: Fly out, F6 (Popup, 6M)
Top of the 9th over - 4 runs, 5 hits, 0 errors, 1 left on base; Salt Lake City 7 - Plymouth 4
BOTTOM OF THE 9TH
Plymouth Rocks batting - Pitching for Salt Lake City Buzz : RHP Rick Kennedy
Now at 3B: Jung-hwan Kwon
Now in LF: Ángel Aguilar
Batting: SHB Roku Hara 0-0: Called Strike
0-1: Fly out, F7 (Flyball, 7S)
Batting: LHB Bernardo Elías 0-0: Ball
1-0: Foul Ball, location: 2F
1-1: Ball
2-1: Foul Ball, location: 2F
2-2: Foul Ball, location: 2F
2-2: Fly out, F7 (Flyball, 7S)
Batting: RHB John Townsend 0-0: Swinging Strike
0-1: Swinging Strike
0-2: Ball
1-2: Strikes out swinging
Bottom of the 9th over - 0 runs, 0 hits, 0 errors, 0 left on base; Salt Lake City 7 - Plymouth 4
Tuesday, December 19th, 2017 - OOTP Baseball 18.8 Build 76